 Dungeon Crawl Stone Soup version 0.31-a0-187-gba352fbbf7 (webtiles) character file.

Game seed: 3647391498355620739

6692 qw the Markself (level 10, 0/59 HPs)
             Began as a Deep Elf Hunter on June 22, 2023.
             Was a Believer of Okawaru.
             Killed from afar by an acid dragon (33 damage)
             ... with a splash of acid
             ... on level 9 of the Dungeon.
             The game lasted 00:03:54 (8280 turns).

qw the Markself (Deep Elf Hunter)                   Turns: 8280, Time: 00:03:54

Health: 0/59       AC:  9    Str: 10    XL:     10   Next: 74%
Magic:  13/15      EV: 14    Int: 15    God:    Okawaru [**....]
Gold:   281        SH:  0    Dex: 20    Spells: 9/9 levels left

rFire   . . .        Y - +2 longbow (freeze)
rCold   + . .        (shield currently unavailable)
rNeg    . . .        o - +3 scale mail
rPois   .            b - +0 helmet
rElec   .            m - +0 cloak
rCorr   .            (no gloves)
SInv    .            (no boots)
Will    +....        (no amulet)
Stlth   ++           e - ring of protection from cold
HPRegen 0.29/turn    d - +4 ring of slaying {mikee}
MPRegen 0.14/turn

%: no passive effects
@: lethally poisoned (0 -> -3), heroic, corroded
A: no striking features
a: Renounce Religion, Heroism


You were on level 9 of the Dungeon.
You worshipped Okawaru.
Okawaru was pleased with you.
You visited 1 branch of the dungeon, and saw 9 of its levels.
You also visited: Ossuary.

You collected 361 gold pieces.
You spent 80 gold pieces at shops.


   Skills:
 - Level 5.0(10.0) Fighting
 - Level 18.0(23.0) Ranged Weapons
 + Level 2.7(7.7) Armour
 - Level 6.1(11.1) Dodging
 - Level 1.2(6.2) Stealth
 - Level 4.0 Invocations


You had 9 spell levels left.
You didn't know any spells.
Your spell library was empty.

Inventory:

Hand Weapons
 Y - a +2 longbow of freezing (weapon)
Armour
 b - a +0 helmet (worn)
 m - a +0 cloak (worn)
 o - a +3 scale mail (worn)
Jewellery
 d - a +4 ring of slaying (right hand) {mikee}
 e - a ring of protection from cold (left hand)
 g - a +6 ring of strength
Scrolls
 f - a scroll of identify
 h - 3 scrolls of teleportation
Potions
 a - a potion of cancellation
 c - a potion of enlightenment
 i - 2 potions of mutation
 k - a potion of haste
 l - 3 potions of curing
 n - 2 potions of resistance
 q - a potion of ambrosia {unknown}

Dungeon Overview and Level Annotations

Branches:
Dungeon (9/15)             Temple (0/1) D:6         Ossuary (visited)
   Lair: D:8-11         Orc: D:9-12

Altars:
Kikubaaqudgha
Makhleb
Okawaru
Sif Muna
Uskayaw
Wu Jian
Xom
Yredelemnul

Shops:
D:1 *

Annotations:
D:8 2 runed translucent doors, qw's ghost, novice GrFi


Message History

There is an open door here.
Found an escape hatch in the floor.
An acid dragon comes into view.
The acid dragon roars!
You hear an angry buzzing noise. x3
The acid dragon spits acid at you. The splash of acid misses you.
A killer bee comes into view.
You hear an angry buzzing noise.
Enter note:
Enter note: You shoot an arrow.
The arrow hits the acid dragon!
The arrow freezes the acid dragon.
The acid dragon is severely wounded.
The acid dragon spits acid at you. The splash of acid hits you!
The acid corrodes you!
8273 ||| FLEEEEING.
8274 ||| STILL FLEEEEING.
8275 ||| STILL FLEEEEING.
You shoot an arrow.
The arrow completely misses the killer bee.
You shoot an arrow. The arrow misses the killer bee.
You shoot an arrow.
The arrow hits the killer bee but does no damage.
The killer bee stings you.
8279 ||| INVOKING Heroism.
You gain the combat prowess of a mighty hero.
Okawaru will no longer gift you throwing weapons.
The killer bee stings you but does no damage.
The killer bee stings you.
You are poisoned.
The killer bee poisons you!
You shoot an arrow. The arrow hits the killer bee!!
The arrow freezes the killer bee!
You kill the killer bee!
Okawaru accepts your kill.
You feel sick. The acid dragon spits acid at you. The splash of acid hits you!!
Ouch! That really hurt!
You die...

######### ########
#.......# #......#
#.......# . #...%@.#
#....<..# .D. #......###
#.......#
#..#.D......####.......#
#........#............#
###......######.......#
#####.## ####.#### #...#
#.# #.### #.# #.# #.##


You could see an acid dragon (catching breath).

Vanquished Creatures
  A two-headed ogre (D:8)
  2 hornets
  Grinder (D:6)
  6 yaks (D:8)
  2 ice beasts
  4 black bears
  An orc warrior (D:8)
  An ogre (D:6)
  A centaur (D:5)
  3 phantoms
  3 kobold brigands
  3 bullfrogs
  2 elf skeletons (D:8)
  An elf zombie (D:8)
  13 scorpions
  15 wights
  7 killer bees
  A jelly (D:5)
  3 human zombies (Ossuary)
  4 orc priests
  2 centaur zombies (Ossuary)
  3 hounds (D:5)
  4 human skeletons (D:8)
  A sleepcap (D:5)
  A gnoll bouda (D:8)
  Natasha (twice) (D:2)
  3 iguanas
  5 orc wizards
  4 scorpion zombies (Ossuary)
  3 mummies (Ossuary)
  12 gnolls
  12 adders
  2 white imps
  2 ufetubi
  2 worms (D:2)
  3 dart slugs
  17 orcs
  3 bats
  3 endoplasms
  2 giant cockroaches (D:2)
  5 gnoll zombies (Ossuary)
  5 goblins
  7 hobgoblins
  4 jackals
  A quokka (D:2)
  6 ball pythons
  2 frilled lizards
  A goblin zombie (Ossuary)
  2 hobgoblin zombies (Ossuary)
  11 kobolds
  2 kobold zombies (Ossuary)
  4 orc zombies (D:8)
  5 rats
215 creatures vanquished.

Notes
Turn   | Place    | Note
-------+----------+-------------------------------------------
     0 | D:1      | qw the Deep Elf Hunter began the quest for the Orb.
     0 | D:1      | Reached XP level 1. HP: 12/12 MP: 3/3
     0 | D:1      | 0 ||| qw: Version: 0.3-a-9-g12657ce
     0 | D:1      | 0 ||| qw: Game counter: 2399
     0 | D:1      | 0 ||| qw: Always use a shield: true
     0 | D:1      | 0 ||| qw: God list: Okawaru
     0 | D:1      | 0 ||| qw: Allow faded altars: false
     0 | D:1      | 0 ||| qw: Do Orc after D:15 true
     0 | D:1      | 0 ||| qw: Do second Lair branch before Depths: true
     0 | D:1      | 0 ||| qw: Lair rune preference: random
     0 | D:1      | 0 ||| qw: Plans: Normal
     0 | D:1      | 0 ||| PLANNING D:1-11
   354 | D:1      | Found Miciabas's Assorted Antiques.
   359 | D:1      | 359 ||| BUYING 2 fuming orange potions (39 gold).
   359 | D:1      | Bought 2 fuming orange potions for 39 gold pieces
   359 | D:1      | 359 ||| BUYING cyan potion (19 gold).
   359 | D:1      | Bought a cyan potion for 19 gold pieces
   359 | D:1      | 359 ||| SHOPLISTING glass ring (110 gold, have 23).
   359 | D:1      | 359 ||| BUYING scroll labelled KOJAMP REITIN (22 gold).
   359 | D:1      | Bought a scroll labelled KOJAMP REITIN for 22 gold pieces
   359 | D:1      | 359 ||| SHOPLISTING scroll labelled ROSINU OCHUID (22 gold,
                  | have 1).
   359 | D:1      | 359 ||| SHOPLISTING scroll labelled UTACSA VAALODE (22
                  | gold, have 1).
   359 | D:1      | 359 ||| SHOPLISTING shiny ring mail (154 gold, have 1).
   458 | D:1      | Reached XP level 2. HP: 16/16 MP: 4/4
   475 | D:1      | Reached skill level 6 in Ranged Weapons
   602 | D:1      | 602 ||| UPGRADING to +6 ring of strength.
   603 | D:1      | 603 ||| READING scroll labelled EROMO ESKEI.
   604 | D:1      | 604 ||| READING 3 scrolls labelled KAZYUT CADGHIS.
   605 | D:1      | 605 ||| READING scroll labelled KOJAMP REITIN.
   606 | D:1      | 606 ||| READING scroll labelled VEK WYMPID BOTAN.
   607 | D:1      | 607 ||| DRINKING 2 cyan potions.
   608 | D:1      | 608 ||| DRINKING 2 fuming orange potions.
   609 | D:1      | 609 ||| READING 2 scrolls of identify.
   609 | D:1      | 609 ||| IDENTIFYING purple potion
   610 | D:1      | 610 ||| DROPPING scroll of butterflies.
   611 | D:1      | 611 ||| DROPPING potion of attraction.
   612 | D:1      | 612 ||| DROPPING potion of invisibility.
   613 | D:1      | 613 ||| DROPPING potion of degeneration.
   692 | D:2      | HP: 4/16 [poisoned by an adder]
   696 | D:2      | HP: 1/16 [poisoned by an adder]
   856 | D:2      | Reached XP level 3. HP: 20/20 MP: 5/5
  1123 | D:2      | 1123 ||| READING scroll labelled IFAPENAVO QUDGH.
  1124 | D:2      | 1124 ||| READING 4 scrolls of identify.
  1124 | D:2      | 1124 ||| IDENTIFYING brown potion
  1125 | D:2      | 1125 ||| READING 3 scrolls of identify.
  1125 | D:2      | 1125 ||| IDENTIFYING metallic purple potion
  1225 | D:2      | Noticed Natasha
  1233 | D:2      | Killed Natasha
  1234 | D:2      | Reached skill level 7 in Ranged Weapons
  1373 | D:2      | Reached XP level 4. HP: 25/25 MP: 6/6
  1390 | D:2      | 1390 ||| FLEEEEING.
  1392 | D:2      | Noticed Natasha
  1393 | D:2      | 1393 ||| FLEEEEING.
  1405 | D:2      | Killed Natasha
  1639 | D:2      | 1639 ||| UPGRADING to +0 scale mail.
  1649 | D:2      | 1649 ||| DROPPING +0 leather armour.
  1650 | D:2      | 1650 ||| UPGRADING to +4 ring of slaying {mikee}.
  1677 | D:3      | Reached skill level 8 in Ranged Weapons
  1810 | D:3      | Found a basalt altar of Yredelemnul.
  1817 | D:3      | Reached XP level 5. HP: 29/29 MP: 7/7
  1885 | D:3      | Found an ornate altar of the Wu Jian Council.
  1905 | D:3      | 1905 ||| READING scroll of enchant weapon.
  1905 | D:3      | 1905 ||| ENCHANTING +1 shortbow.
  1935 | D:3      | 1935 ||| READING scroll of enchant weapon.
  1935 | D:3      | 1935 ||| ENCHANTING +2 shortbow.
  1955 | D:3      | 1955 ||| UPGRADING to +0 ring mail.
  1960 | D:3      | 1960 ||| UPGRADING to +0 scale mail.
  1965 | D:3      | 1965 ||| UPGRADING to +0 ring mail.
  1967 | D:3      | 1967 ||| UPGRADING to +0 ring mail.
  1972 | D:3      | 1972 ||| UPGRADING to +0 scale mail.
  1977 | D:3      | 1977 ||| UPGRADING to +0 ring mail.
  1987 | D:3      | 1987 ||| DROPPING +0 scale mail.
  2010 | D:3      | Reached skill level 9 in Ranged Weapons
  2027 | D:3      | Reached XP level 6. HP: 34/34 MP: 8/8
  2041 | D:3      | Reached skill level 3 in Dodging
  2231 | D:3      | Found an iron altar of Okawaru.
  2232 | D:3      | 2232 ||| PLANNING OKAWARU WORSHIP
  2232 | D:3      | 2232 ||| UPGRADING to ring of protection from cold.
  2238 | D:3      | Became a worshipper of Warmaster Okawaru
  2239 | D:3      | 2239 ||| PLANNING D:1-11
  2308 | D:3      | Identified the +0 leather armour of Fonuatog {rN+}
  2402 | D:3      | 2402 ||| DROPPING +0 leather armour of Fonuatog {rN+}.
  2403 | D:3      | 2403 ||| READING scroll labelled USTAWE WIUWU.
  2431 | D:4      | You fall into a shaft and drop 3 floors!
  2460 | D:7      | HP: 7/34 [wight/+0 hand axe (2)]
  2461 | D:7      | 2461 ||| DRINKING potion of heal wounds.
  2464 | D:7      | Reached skill level 10 in Ranged Weapons
  2469 | D:7      | Reached XP level 7. HP: 25/40 MP: 9/9
  2548 | D:7      | Reached * piety under Okawaru
  2549 | D:7      | Reached skill level 11 in Ranged Weapons
  2561 | D:7      | Reached skill level 1 in Invocations
  2595 | D:7      | Reached skill level 1 in Armour
  2597 | D:7      | 2597 ||| INVOKING Heroism.
  2714 | D:7      | 2714 ||| SWAPPING to +0 arbalest.
  2715 | D:7      | 2715 ||| DROPPING +3 shortbow.
  2716 | D:7      | 2716 ||| UPGRADING to +0 helmet.
  2721 | D:7      | 2721 ||| DROPPING ring of positive energy.
  2722 | D:7      | 2722 ||| READING scroll labelled UMEFEO YJAKE.
  2832 | D:7      | Reached XP level 8. HP: 40/44 MP: 10/12
  2836 | D:7      | Reached skill level 3 in Invocations
  2921 | D:5      | Entered Level 5 of the Dungeon
  2922 | D:5      | 2922 ||| FLEEEEING.
  2923 | D:5      | 2923 ||| FLEEEEING.
  2924 | D:5      | 2924 ||| FLEEEEING.
  2925 | D:5      | 2925 ||| FLEEEEING.
  2926 | D:5      | 2926 ||| STAIRDANCE
  3221 | D:4      | 3221 ||| INVOKING Heroism.
  3226 | D:4      | Reached skill level 12 in Ranged Weapons
  3237 | D:4      | HP: 10/44 [something (4)]
  3240 | D:4      | HP: 4/44 [something (3)]
  3325 | D:4      | 3325 ||| FLEEEEING.
  3326 | D:4      | 3326 ||| FLEEEEING.
  3331 | D:4      | 3331 ||| FLEEEEING.
  3332 | D:4      | 3332 ||| FLEEEEING.
  3333 | D:4      | 3333 ||| FLEEEEING.
  3334 | D:4      | 3334 ||| FLEEEEING.
  3335 | D:4      | 3335 ||| FLEEEEING.
  3336 | D:4      | 3336 ||| FLEEEEING.
  3337 | D:4      | 3337 ||| FLEEEEING.
  3338 | D:4      | 3338 ||| FLEEEEING.
  3339 | D:4      | 3339 ||| FLEEEEING.
  3344 | D:4      | 3344 ||| FLEEEEING.
  3349 | D:4      | 3349 ||| FLEEEEING.
  3350 | D:4      | 3350 ||| FLEEEEING.
  3351 | D:4      | 3351 ||| FLEEEEING.
  3352 | D:4      | 3352 ||| FLEEEEING.
  3359 | D:4      | 3359 ||| FLEEEEING.
  3363 | D:4      | 3363 ||| FLEEEEING.
  3364 | D:4      | 3364 ||| FLEEEEING.
  3365 | D:4      | 3365 ||| FLEEEEING.
  3366 | D:4      | 3366 ||| FLEEEEING.
  3369 | D:4      | 3369 ||| STAIRDANCE
  3392 | D:3      | 3392 ||| READING scroll labelled BAQAKHL WUACAECK.
  3395 | D:3      | 3395 ||| READING 2 scrolls of identify.
  3395 | D:3      | 3395 ||| IDENTIFYING fizzy green potion
  3746 | D:4      | 3746 ||| READING scroll labelled SOPTEL AFFOHE.
  3746 | D:4      | Identified a scroll of acquirement
  3746 | D:4      | 3746 ||| ACQUIRING +8 orcbow "Xeggagap" {drain, rC- Int+4
                  | Dex+2}
  3746 | D:4      | Acquired the +8 orcbow "Xeggagap" {drain, rC- Int+4 Dex+2}
  3748 | D:4      | 3748 ||| SWAPPING to +8 orcbow "Xeggagap" {drain, rC- Int+4
                  | Dex+2}.
  3749 | D:4      | 3749 ||| DROPPING +0 arbalest.
  3750 | D:4      | 3750 ||| DRINKING 2 clear potions.
  3751 | D:4      | 3751 ||| DROPPING potion of brilliance.
  3796 | D:5      | Reached skill level 3 in Fighting
  3831 | D:5      | Found a hide-covered altar of Uskayaw.
  3912 | D:5      | Reached ** piety under Okawaru
  3922 | D:5      | Found an ancient bone altar of Kikubaaqudgha.
  3955 | D:5      | Found a shimmering altar of Xom.
  3959 | D:5      | 3959 ||| INVOKING Heroism.
  4002 | D:5      | Reached skill level 13 in Ranged Weapons
  4092 | D:5      | 4092 ||| INVOKING Heroism.
  4227 | D:5      | 4227 ||| INVOKING Heroism.
  4294 | D:5      | Noticed a hornet
  4298 | D:5      | Killed a hornet
  4299 | D:5      | Reached XP level 9. HP: 35/51 MP: 14/14
  4299 | D:5      | 4299 ||| INVOKING Heroism.
  4535 | D:6      | 4535 ||| INVOKING Heroism.
  4615 | D:6      | Found a staircase to the Ecumenical Temple.
  4640 | D:6      | Reached skill level 14 in Ranged Weapons
  4828 | D:6      | Noticed Grinder
  4829 | D:6      | 4829 ||| INVOKING Heroism.
  4832 | D:6      | Killed Grinder
  4950 | D:6      | 4950 ||| INVOKING Heroism.
  5162 | D:6      | 5162 ||| UPGRADING to +0 cloak.
  5167 | D:6      | 5167 ||| READING 5 scrolls of identify.
  5167 | D:6      | 5167 ||| IDENTIFYING puce potion
  5168 | D:6      | 5168 ||| READING 4 scrolls of identify.
  5168 | D:6      | 5168 ||| IDENTIFYING bubbling yellow potion
  5169 | D:6      | 5169 ||| READING 3 scrolls of identify.
  5169 | D:6      | 5169 ||| IDENTIFYING fizzy yellow potion
  5170 | D:6      | 5170 ||| DROPPING potion of lignification.
  5317 | D:7      | Reached skill level 15 in Ranged Weapons
  5329 | D:7      | 5329 ||| INVOKING Heroism.
  5334 | D:7      | Reached skill level 6 in Dodging
  5339 | D:7      | HP: 12/51 [poisoned by a killer bee]
  5491 | D:7      | Found a shimmering blue altar of Sif Muna.
  5546 | D:7      | 5546 ||| READING 2 scrolls of identify.
  5546 | D:7      | 5546 ||| IDENTIFYING lumpy pink potion
  5565 | D:8      | 5565 ||| PLANNING OSSUARY
  5572 | D:8      | 5572 ||| INVOKING Heroism.
  5613 | D:8      | 5613 ||| INVOKING Heroism.
  5666 | D:8      | 5666 ||| INVOKING Heroism.
  5807 | D:8      | Found a sand-covered staircase.
  5809 | D:8      | 5809 ||| UPGRADING to +3 scale mail.
  5819 | D:8      | 5819 ||| DROPPING +0 ring mail.
  5823 | Ossuary  | Entered an ossuary
  5988 | Ossuary  | 5988 ||| READING scroll labelled ZATTEM BAIR.
  6013 | Ossuary  | Reached XP level 10. HP: 56/56 MP: 15/15
  6121 | Ossuary  | Reached skill level 16 in Ranged Weapons
  6142 | Ossuary  | 6142 ||| READING scroll of acquirement.
  6142 | Ossuary  | 6142 ||| ACQUIRING +2 longbow of freezing
  6142 | Ossuary  | Acquired a +2 longbow of freezing
  6144 | Ossuary  | 6144 ||| SWAPPING to +2 longbow of freezing.
  6145 | Ossuary  | 6145 ||| DROPPING +8 orcbow "Xeggagap" {drain, rC- Int+4
                  | Dex+2}.
  6154 | Ossuary  | 6154 ||| DROPPING amulet of magic regeneration.
  6155 | Ossuary  | 6155 ||| READING 3 scrolls labelled UTACSA VAALODE.
  6156 | Ossuary  | 6156 ||| READING 2 scrolls of identify.
  6156 | Ossuary  | 6156 ||| IDENTIFYING dark potion
  6157 | Ossuary  | 6157 ||| DROPPING 2 scrolls of immolation.
  6217 | D:8      | 6217 ||| PLANNING D:1-11
  6327 | D:8      | Found a large runed translucent door.
  6328 | D:8      | Found a large runed translucent door.
  6330 | D:8      | Noticed qw's ghost (novice GrFi)
  6348 | D:8      | 6348 ||| FLEEEEING.
  6349 | D:8      | 6349 ||| FLEEEEING.
  6350 | D:8      | 6350 ||| FLEEEEING.
  6351 | D:8      | 6351 ||| FLEEEEING.
  6352 | D:8      | 6352 ||| FLEEEEING.
  6353 | D:8      | 6353 ||| FLEEEEING.
  6354 | D:8      | 6354 ||| FLEEEEING.
  6355 | D:8      | 6355 ||| FLEEEEING.
  6356 | D:8      | 6356 ||| FLEEEEING.
  6357 | D:8      | 6357 ||| FLEEEEING.
  6358 | D:8      | 6358 ||| FLEEEEING.
  6359 | D:8      | 6359 ||| FLEEEEING.
  6360 | D:8      | 6360 ||| FLEEEEING.
  6361 | D:8      | 6361 ||| FLEEEEING.
  6362 | D:8      | 6362 ||| FLEEEEING.
  6363 | D:8      | 6363 ||| FLEEEEING.
  6364 | D:8      | 6364 ||| FLEEEEING.
  6365 | D:8      | 6365 ||| FLEEEEING.
  6366 | D:8      | 6366 ||| FLEEEEING.
  6367 | D:8      | 6367 ||| FLEEEEING.
  6368 | D:8      | 6368 ||| FLEEEEING.
  6369 | D:8      | 6369 ||| FLEEEEING.
  6370 | D:8      | 6370 ||| FLEEEEING.
  6371 | D:8      | 6371 ||| FLEEEEING.
  6372 | D:8      | 6372 ||| FLEEEEING.
  6373 | D:8      | 6373 ||| FLEEEEING.
  6374 | D:8      | 6374 ||| FLEEEEING.
  6375 | D:8      | 6375 ||| FLEEEEING.
  6376 | D:8      | 6376 ||| FLEEEEING.
  6377 | D:8      | 6377 ||| FLEEEEING.
  6383 | D:8      | 6383 ||| INVOKING Heroism.
  6446 | D:8      | 6446 ||| INVOKING Heroism.
  6538 | D:8      | 6538 ||| Stepping ~*~*~tactically~*~*~ (outnumbered).
  6543 | D:8      | 6543 ||| INVOKING Heroism.
  6660 | D:8      | 6660 ||| INVOKING Heroism.
  6665 | D:8      | Reached skill level 17 in Ranged Weapons
  6782 | D:8      | Noticed a two-headed ogre
  6783 | D:8      | 6783 ||| INVOKING Heroism.
  6787 | D:8      | Killed a two-headed ogre
  6879 | D:8      | Reached skill level 18 in Ranged Weapons
  6888 | D:8      | Found a burning altar of Makhleb.
  7268 | D:8      | Identified the +10 quarterstaff of Spite {holy, Will+}
  8141 | D:8      | 8141 ||| Stepping randomly (stuck).
  8227 | D:9      | Reached *** piety under Okawaru
  8273 | D:9      | 8273 ||| FLEEEEING.
  8279 | D:9      | 8279 ||| INVOKING Heroism.
  8280 | D:9      | Killed from afar by an acid dragon

Levels and vault maps discovered:
D:1:      saegor_arrival_simple_d, layout_basic, serial_shops, shop
D:2:      layout_loops_ring, kennysheep_small_spiral, uniq_natasha
D:3:      cheibrodos_thug_alley, layout_rooms,
          hellmonk_okawaru_the_only_friend_you_need, yredelemnul_altar_generic,
          nicolae_wu_jian_glorious_leap, minmay_crystal_water,
          minmay_door_square, chequers_garden
D:4:      layout_loops_ring
D:5:      black_bear_nest_1, layout_cave_pools, mainiacjoe_overflow_boulevard,
          mainiacjoe_overflow_surrounded_room, kennysheep_mini_moat,
          chequers_serial_rivers_room_a, minmay_misc_feat_cross,
          kennysheep_opposing_triangles
D:6:      layout_loops_ring, minmay_temple_entry_stoned_glass, uniq_grinder
D:7:      layout_cave_pools, lemuel_crystal_altar,
          nicolae_concentric_dashed_squares_mild
D:8:      layout_basic, lemuel_crystal_altar, nicolae_ossuary_entry_catacombs,
          ebering_ghost_disaster_area, kennysheep_another_room
D:9:      layout_roguey, orc_0_dummy, nicolae_elevator_lobby_plus

Skill      XL: |  1  2  3  4  5  6  7  8  9 10 |
---------------+-------------------------------+-----
Ranged Weapons | 6 7 8 9 10 11 13 15 18 | 18.0
Dodging        | 3 5 6 |  6.1
Fighting       | 2 3 4 5 |  5.0
Invocations    | 2 4 |  4.0
Armour         | 1 2 |  2.7
Stealth        | |  1.2

Action                     |  1- 3 |  4- 6 |  7- 9 | 10-12 || total
---------------------------+-------+-------+-------+-------++-------
   Fire: Shortbow          |    78 |   104 |    38 |       ||   220
         Arbalest          |       |       |    47 |       ||    47
         Orcbow            |       |       |   167 |    22 ||   189
         Longbow           |       |       |       |   106 ||   106
 Invoke: Heroism           |       |       |    13 |     6 ||    19
    Use: Scroll            |     8 |     3 |     9 |     3 ||    23
         Potion            |     2 |     1 |     1 |       ||     4
 Armour: Leather armour    |     5 |       |       |       ||     5
         Scale mail        |       |     6 |     3 |    21 ||    30
         Ring mail         |       |       |    25 |       ||    25
  Dodge: Dodged            |     8 |    20 |    54 |    30 ||   112

Table legend:
 A = Non-vault XP
 B = Vault XP
 C = Vault XP percentage of total XP
 D = Non-vault monster count
 E = Vault monster count
 F = Vault count percentage of total count
                 A         B        C        D         E       F
            +---------+---------+-------+---------+---------+-------
      Total |    7079 |    2545 |  26.4 |     155 |      60 |  27.9
            +---------+---------+-------+---------+---------+-------
        D:1 |      18 |       0 |   0.0 |      11 |       0 |   0.0
        D:2 |      88 |      35 |  28.5 |      20 |       1 |   4.8
        D:3 |     139 |     218 |  61.1 |      22 |      12 |  35.3
        D:4 |     347 |       0 |   0.0 |      12 |       0 |   0.0
        D:5 |     594 |     500 |  45.7 |      14 |       5 |  26.3
        D:6 |     492 |     277 |  36.0 |       7 |       1 |  12.5
        D:7 |    1548 |       0 |   0.0 |      25 |       0 |   0.0
        D:8 |    3568 |     412 |  10.4 |      40 |      11 |  21.6
        D:9 |     285 |       0 |   0.0 |       4 |       0 |   0.0
    Ossuary |       0 |    1103 | 100.0 |       0 |      30 | 100.0
            +---------+---------+-------+---------+---------+-------
